Map: Romanticide LE

Players

goblin

  • Race: Protoss Protoss

SKillous - Winner!

  • Race: Protoss Protoss

Event: DreamHack SC2 Masters 2021 Fall

VOD

Have the link to the VOD?

Description

Time

  • Played on: July 28, 2021, 1 p.m.
  • Length: 13:01

All games in this series

Show
View Real Time Build Order
Export as new Build Order

goblin Protoss 

Build Orders:  

Get SALT Encoding   

  12  0:00  Probe  
  13  0:12  Probe  
  14  0:17  Pylon  
  14  0:24  Probe (Chrono Boost)  
  15  0:36  Probe (Chrono Boost)  
  15  0:37  Gateway  
  16  0:44  Probe (Chrono Boost)  
  16  0:46  Assimilator  
  17  0:50  Probe  
  17  0:54  Assimilator  
  18  1:03  Probe (Chrono Boost)  
  19  1:09  Gateway  
  19  1:13  Probe (Chrono Boost)  
  19  1:18  Probe (Chrono Boost)  
  20  1:24  Cybernetics Core  
  21  1:29  Probe  
  22  1:34  Pylon  
  22  1:41  Probe  
  23  1:53  Probe  
  24  2:00  Stalker x2, Warp Gate (Chrono Boost)  
  28  2:20  Pylon  
  28  2:33  Sentry  
  30  2:38  Sentry  
  32  2:44  Nexus  
  32  2:50  Shield Battery  
  32  2:56  Probe  
  33  2:59  Sentry  
  33  3:04  Stalker  
  37  3:09  Pylon  
  37  3:11  Probe  
  37  3:24  Probe (Chrono Boost)  
  37  3:26  Twilight Council  
  39  3:35  Probe (Chrono Boost)  
  39  3:41  Probe (Chrono Boost)  
  39  3:48  Forge  
  40  3:52  Probe (Chrono Boost)  
  41  3:57  Probe (Chrono Boost)  
  43  4:03  Blink  
  43  4:06  Probe (Chrono Boost)  
  43  4:07  Probe (Chrono Boost)  
  44  4:12  Probe (Chrono Boost)  
  44  4:16  Probe (Chrono Boost)  
  46  4:18  Protoss Ground Weapons Level 1 (Chrono Boost)  
  46  4:24  Probe (Chrono Boost)  
  47  4:31  Probe x2 (Chrono Boost)  
  49  4:38  Probe  
  49  4:39  Nexus  
  49  4:40  Probe  
  51  4:50  Probe  
  51  4:51  Stalker  
  54  4:53  Pylon  
  54  4:55  Probe  
  54  4:56  Stalker  
  57  5:03  Probe  
  58  5:07  Probe  
  58  5:13  Assimilator  
  59  5:15  Probe  
  59  5:19  Probe  
  61  5:22  Gateway x2  
  61  5:25  Gateway  
  61  5:27  Probe  
  61  5:28  Gateway  
  62  5:31  Probe (Chrono Boost)  
  63  5:38  Robotics Facility  
  64  5:43  Probe (Chrono Boost)  
  64  5:44  Probe (Chrono Boost)  
  64  5:49  Pylon  
  65  5:53  Probe x2 (Chrono Boost)  
  68  5:57  Probe (Chrono Boost)  
  68  6:01  Probe (Chrono Boost)  
  68  6:02  Probe (Chrono Boost)  
  68  6:03  Stalker x2  
  75  6:04  Probe (Chrono Boost)  
  75  6:06  Charge, Probe (Chrono Boost)  
  75  6:08  Protoss Ground Weapons Level 2 (Chrono Boost)  
  76  6:12  Probe  
  76  6:14  Pylon  
  76  6:15  Probe  
  76  6:18  Gateway x2  
  78  6:20  Probe  
  78  6:24  Probe  
  80  6:26  Observer  
  80  6:27  Probe  
  82  6:32  Assimilator  
  82  6:33  Probe  
  82  6:34  Assimilator  
  82  6:36  Probe  
  82  6:39  Stalker x3  
  90  6:42  Pylon  
  90  6:47  Observer  
  90  6:50  Probe  
  90  6:51  Probe x2  
  94  6:57  Pylon  
  94  7:04  Pylon  
  94  7:09  Warp Prism  
  94  7:12  Templar Archives  
  94  7:15  Pylon  
  96  7:16  Pylon  
  96  7:17  Gateway  
  96  7:19  Stalker  
  96  7:20  Gateway, Stalker x3  
  104  7:24  Photon Cannon  
  104  7:41  Zealot  
  104  7:42  Zealot x3  
  112  7:47  Zealot x4  
  120  7:56  Pylon  
  120  7:57  Pylon  
  120  8:08  High Templar x3  
  120  8:09  High Templar  
  120  8:10  High Templar  
  120  8:11  High Templar  
  132  8:13  Archon  
  132  8:14  Archon  
  132  8:15  Archon  
  132  8:19  Zealot x3  
  138  8:20  Zealot  
  138  8:21  Nexus  
  138  8:22  Pylon  
  138  8:25  Photon Cannon  
  140  8:36  Pylon  
  136  8:42  High Templar x2, Zealot x4  
  136  8:43  Zealot x3  
  136  8:47  Archon  
  154  8:54  Stalker  
  150  9:06  Zealot x2  
  150  9:07  High Templar x2, Zealot x3  
  162  9:11  Archon  
  162  9:20  Stalker x3  
  162  9:21  Gateway  
  162  9:23  Stalker x2  
  172  9:25  Gateway  
  172  9:33  Stalker x3  
  178  9:40  Zealot x2  
  178  9:42  Zealot  
  178  9:44  Pylon  
  184  9:45  Pylon  
  160  9:58  Archon x2  
  160  9:59  High Templar  
  129  10:00  High Templar, Zealot x7  
  129  10:04  Archon  
  133  10:11  Stalker  
  127  10:17  Probe x2  
  127  10:18  Probe x2  
  127  10:19  Assimilator  
  127  10:20  Assimilator  
  125  10:44  Robotics Bay  
  125  10:45  Robotics Facility, Stalker  
  125  10:46  Stalker x3, Zealot x4  
  125  10:47  Zealot x3  
  147  10:51  Shield Battery  
  147  11:08  Robotics Facility  
  147  11:10  Shield Battery x2  
  147  11:13  Pylon  
  145  11:21  High Templar  
  145  11:22  High Templar, Stalker x2  
  153  11:30  Disruptor x2 (Chrono Boost)  
  153  11:31  Archon  
  155  11:45  Zealot x2  
  155  11:46  Zealot x2  
  163  11:47  Zealot  
  163  11:48  Zealot x4  
  163  11:54  Disruptor (Chrono Boost)  
  167  11:55  Disruptor (Chrono Boost)  
  167  11:56  Disruptor (Chrono Boost)  
  176  12:08  Zealot  
  176  12:16  Stalker  
  176  12:17  Stalker x2  
  167  12:22  Disruptor (Chrono Boost)  
  167  12:24  Disruptor (Chrono Boost)  
  111  12:39  Zealot x4  
  111  12:40  Zealot x3  
  111  12:43  Zealot x2, Stalker x3  
Show
View Real Time Build Order
Export as new Build Order

SKillous Protoss - Winner!

Build Orders: Zealot Archon 

Get SALT Encoding   

  12  0:00  Probe  
  13  0:12  Probe  
  14  0:17  Pylon  
  14  0:25  Probe  
  15  0:36  Gateway  
  15  0:37  Probe (Chrono Boost)  
  16  0:46  Assimilator, Probe (Chrono Boost)  
  17  0:51  Probe (Chrono Boost)  
  17  0:55  Assimilator  
  18  1:03  Probe (Chrono Boost)  
  19  1:08  Gateway  
  19  1:13  Probe (Chrono Boost)  
  20  1:18  Probe (Chrono Boost)  
  21  1:27  Cybernetics Core  
  21  1:31  Probe  
  22  1:35  Pylon  
  22  1:43  Probe  
  23  1:55  Probe  
  24  2:03  Stalker, Warp Gate  
  24  2:04  Sentry  
  28  2:14  Pylon  
  28  2:20  Pylon  
  29  2:30  Sentry  
  29  2:33  Stalker  
  32  2:44  Nexus  
  32  2:47  Probe  
  33  2:54  Shield Battery  
  33  2:59  Probe  
  33  3:00  Sentry  
  36  3:09  Pylon  
  36  3:11  Probe  
  37  3:23  Probe (Chrono Boost)  
  38  3:30  Twilight Council  
  39  3:35  Probe (Chrono Boost)  
  39  3:40  Probe (Chrono Boost)  
  40  3:45  Forge  
  40  3:51  Probe (Chrono Boost)  
  41  3:56  Stalker  
  41  3:58  Probe (Chrono Boost)  
  41  4:01  Probe (Chrono Boost)  
  45  4:03  Blink (Chrono Boost)  
  45  4:05  Probe (Chrono Boost)  
  45  4:08  Probe (Chrono Boost)  
  47  4:11  Probe (Chrono Boost)  
  48  4:18  Protoss Ground Weapons Level 1 (Chrono Boost), Probe (Chrono Boost)  
  50  4:29  Probe x2 (Chrono Boost)  
  51  4:36  Nexus  
  51  4:38  Probe  
  51  4:41  Pylon  
  51  4:44  Probe  
  53  4:50  Assimilator  
  53  4:51  Stalker  
  53  4:52  Stalker  
  57  4:56  Probe  
  57  4:58  Probe  
  59  5:01  Robotics Facility  
  59  5:08  Probe  
  59  5:10  Probe  
  59  5:14  Pylon  
  61  5:18  Gateway  
  61  5:19  Gateway  
  61  5:20  Probe  
  62  5:22  Probe (Chrono Boost)  
  62  5:25  Shield Battery  
  63  5:31  Assimilator  
  63  5:32  Probe (Chrono Boost)  
  65  5:40  Probe (Chrono Boost)  
  65  5:42  Gateway, Probe (Chrono Boost)  
  66  5:43  Gateway  
  66  5:48  Probe (Chrono Boost)  
  70  5:50  Observer  
  70  5:51  Probe x2 (Chrono Boost)  
  71  5:58  Probe (Chrono Boost)  
  71  5:59  Pylon  
  71  6:01  Probe (Chrono Boost)  
  71  6:02  Probe (Chrono Boost)  
  71  6:03  Charge  
  73  6:08  Probe (Chrono Boost)  
  73  6:10  Probe (Chrono Boost)  
  77  6:11  Observer  
  77  6:12  Pylon  
  77  6:14  Probe (Chrono Boost)  
  77  6:15  Probe (Chrono Boost)  
  77  6:16  Probe (Chrono Boost)  
  79  6:19  Assimilator x2  
  79  6:20  Protoss Ground Weapons Level 2 (Chrono Boost)  
  79  6:22  Probe  
  79  6:25  Gateway, Probe  
  81  6:26  Gateway, Probe  
  82  6:34  Observer, Probe  
  82  6:35  Gateway  
  82  6:37  Probe  
  82  6:38  Gateway  
  82  6:39  Probe  
  86  6:52  Pylon, Probe  
  87  6:54  Templar Archives  
  87  6:55  Pylon  
  87  6:59  Immortal (Chrono Boost)  
  91  7:04  Probe  
  91  7:05  Pylon  
  92  7:13  Robotics Facility  
  92  7:17  Robotics Bay  
  92  7:18  Stalker x4  
  92  7:19  Pylon  
  100  7:22  Photon Cannon  
  100  7:30  High Templar  
  100  7:31  High Templar x2  
  100  7:33  High Templar, Zealot  
  100  7:35  Archon, Warp Prism (Chrono Boost)  
  110  7:39  Archon  
  112  7:45  Pylon  
  112  7:51  Pylon, Shield Battery  
  112  7:55  High Templar x2  
  112  7:56  Zealot x4  
  124  8:00  Archon  
  124  8:01  Shield Battery  
  124  8:04  Shield Battery  
  124  8:05  Pylon  
  124  8:06  Colossus (Chrono Boost)  
  128  8:18  Zealot x4  
  138  8:21  Colossus (Chrono Boost)  
  138  8:30  Zealot x5  
  138  8:33  Pylon  
  148  8:41  High Templar x2  
  146  8:42  Extended Thermal Lance (Chrono Boost)  
  146  8:43  Pylon  
  146  8:44  Pylon x2  
  146  8:46  Archon  
  148  8:57  Colossus (Chrono Boost)  
  148  9:02  Zealot  
  149  9:07  Colossus (Chrono Boost)  
  149  9:08  Nexus  
  151  9:14  Pylon  
  151  9:17  Phoenix  
  151  9:21  Pylon  
  151  9:23  Gateway  
  151  9:26  Zealot x3  
  157  9:36  Gateway  
  157  9:39  Gateway  
  157  9:40  High Templar x2  
  157  9:44  Archon  
  161  9:49  Observer  
  153  9:53  Zealot x5  
  153  9:59  Probe x2  
  150  10:01  Zealot  
  136  10:10  Observer  
  134  10:15  Shield Battery  
  134  10:17  Photon Cannon  
  134  10:19  High Templar x4  
  142  10:21  Zealot x4  
  142  10:23  Colossus (Chrono Boost)  
  142  10:25  Archon x2  
  156  10:34  Pylon, Shield Battery  
  153  10:41  High Templar  
  153  10:42  High Templar, Zealot x4  
  165  10:43  Probe x2  
  165  10:44  Probe  
  165  10:47  Archon  
  168  10:53  Assimilator  
  168  10:54  Assimilator, Pylon  
  168  10:55  High Templar  
  168  10:56  High Templar  
  168  10:57  Zealot x2  
  176  11:01  Gateway, Archon  
  176  11:03  Gateway  
  176  11:06  Zealot x3  
  176  11:07  Zealot  
  184  11:15  Zealot x2  
  188  11:31  Colossus x2  
  192  11:56  High Templar x2  
  192  12:01  Photon Cannon x2  
  196  12:02  Photon Cannon x2  
  196  12:05  Photon Cannon  
  196  12:06  Shield Battery  
  196  12:08  Photon Cannon, Archon  
  196  12:11  Nexus  
  196  12:13  Photon Cannon  
  196  12:14  Pylon  
  152  12:23  Zealot x8  
  152  12:24  Zealot  
  146  12:44  Zealot x6  
  146  12:45  Zealot  
  146  12:47  Probe  

Tags
 
Add a new tag
Caveats
  • Supply blocks, unpowered buildings, or Contaminate may cause inaccurate times.
  • Supply counts are checked every 10 seconds.